 Dungeon Crawl Stone Soup version 0.21.1-1-g345015fe64 (webtiles) character file.

21982 Teps the Bludgeoner (level 12, -7/113 HPs)
             Began as a Minotaur Berserker on June 12, 2018.
             Was an Elder of Trog.
             Mangled by a vampire knight
             ... wielding a +3 triple sword of pain
              (16 damage)
             ... on level 13 of the Dungeon.
             The game lasted 02:16:26 (11333 turns).

Teps the Bludgeoner (Minotaur Berserker)           Turns: 11333, Time: 02:16:27

Health: -7/113     AC: 19    Str: 26    XL:     12   Next: 59%
Magic:  11/11      EV: 10    Int:  4    God:    Trog [****..]
Gold:   892        SH:  6    Dex: 11    Spells: 11/11 levels left

rFire    . . .     SeeInvis .   p - +0 morningstar (holy)
rCold    . . .     Gourm    .   (no shield)
rNeg     . . .     Faith    .   Q - +0 plate armour
rPois    +         Spirit   .   (helmet restricted)
rElec    .         Reflect  +   (no cloak)
rCorr    .         Harm     .   O - +0 pair of gloves
MR       .....                  (no boots)
Stlth    ..........             N - +6 amulet of reflection
HPRegen  0.28/turn              z - +2 ring of protection
MPRegen  0.12/turn              l - ring of poison resistance

@: berserk cooldown, slowed, very slow
A: retaliatory headbutt, horns 2
a: Berserk, Trog's Hand, Brothers in Arms, Burn Spellbooks, Renounce Religion


You were on level 13 of the Dungeon.
You worshipped Trog.
Trog was greatly pleased with you.
You were not hungry.

You visited 1 branch of the dungeon, and saw 13 of its levels.
You also visited: Sewer.

You collected 947 gold pieces.
You spent 55 gold pieces at shops.

Inventory:

Hand Weapons
 p - a +0 morningstar of holy wrath (weapon)
 F - a +3 longbow of flaming
 L - a +4 hand axe of chopping
 V - a +1 glaive of chopping
Missiles
 P - 2 tomahawks (quivered)
 S - 67 arrows
Armour
 O - a +0 pair of gloves (worn)
 Q - a +0 plate armour (worn)
 T - a +0 troll leather armour
Jewellery
 d - an uncursed ring of protection from fire
 l - a ring of poison resistance (right hand)
 w - an uncursed ring of magical power
 x - an uncursed ring of stealth
 z - a +2 ring of protection (left hand)
 J - a +5 ring of evasion
 N - a +6 amulet of reflection (around neck)
Wands
 f - a wand of acid (8)
 q - a wand of flame (58)
 t - a wand of clouds (4)
 y - a wand of digging (22)
 R - a wand of paralysis (11)
Scrolls
 h - 7 scrolls of teleportation {unknown}
 j - 9 scrolls of identify
 m - 2 scrolls of enchant armour {unknown}
 o - 6 scrolls of remove curse {unknown}
 u - a scroll of summoning {unknown}
 A - 3 scrolls of amnesia {unknown}
 B - a scroll of holy word {unknown}
 C - a scroll of magic mapping {unknown}
 D - 2 scrolls of enchant weapon {unknown}
 G - a scroll of noise {unknown}
 M - a scroll of fear {unknown}
Potions
 a - 4 potions of haste {unknown}
 b - a potion of might {unknown}
 e - 5 potions of heal wounds
 g - 3 potions of berserk rage
 i - 4 potions of ambrosia {unknown}
 k - 2 potions of invisibility {unknown}
 n - 2 potions of flight {unknown}
 r - 10 potions of degeneration
 s - 3 potions of lignification {unknown}
 v - 2 potions of agility {unknown}
 E - a potion of cancellation {unknown}
 H - a potion of experience {unknown}
 I - 5 potions of curing
 K - 2 potions of brilliance {unknown}
Miscellaneous
 U - a sack of spiders
Comestibles
 c - 19 rations


   Skills:
 + Level 12.8 Fighting
 + Level 16.2 Maces & Flails
 - Level 1.8 Throwing
 + Level 12.1 Armour
 + Level 6.4 Dodging
 - Level 0.5 Stealth


You had 11 spell levels left.
You didn't know any spells.

Dungeon Overview and Level Annotations

Branches:
Dungeon (13/15)            Temple (0/1) D:6            Lair (0/6) D:8
    Orc (0/2) D:11
 Vaults: D:13-14

Altars:
Cheibriados
Dithmenos
Elyvilon
Fedhas
Gozag
Kikubaaqudgha
Nemelex Xobeh
Qazlal
Ru
Uskayaw
Vehumet
Xom

Shops:
D:7 !%(*   D:8 *

Portals:
Trove: D:12 (give +3 shadow dragon scales)


Innate Abilities, Weirdness & Mutations

You reflexively headbutt those who attack you in melee.
You have a pair of horns on your head.


Message History

You block the hound's attack.
You feel less vulnerable to hostile enchantments.
The hound barely misses you. The orc warrior closely misses you.
The vampire knight completely misses you.
The vampire knight bites you.
The vampire knight draws strength from your injuries!
The orc warrior closely misses you.
You see here a ring mail.
The crimson imp shouts, "Slither home, thou errant fat-kidneyed barnacle!"
The vampire knight hits you with a triple sword of pain!!
* * * LOW HITPOINT WARNING * * *
You writhe in agony.
* * * LOW HITPOINT WARNING * * *
The vampire knight bites you but does no damage.
The orc warrior hits you from afar with a halberd of protection!
* * * LOW HITPOINT WARNING * * *
Okay, then.
The crimson imp blinks!
The vampire knight hits you with a triple sword of pain!
You die...

####..# #.....#
#....># #...5##
#...D# #....# #....#
###...5#############
.......{.Dh.oV@.†...#
###################.#
#.# #.# #.# #.# #.#
#.# #.#


You could see a vampire knight, an orc warrior, an acid dragon, a hound and a
crimson imp.

Vanquished Creatures
  An ogre mage (D:13)
  A vault guard (D:12)
  3 hydras
  A death yak (D:8)
  3 skeletal warriors (D:12)
  The ghost of Henning the Ruffian, a novice TrBe of Trog (D:6)
  An unseen horror (D:11)
  Pikel (D:7)
  A phantasmal warrior (D:13)
  The ghost of Niraks the Basher, a novice MiBe of Trog (D:8)
  An ugly thing (D:12)
  A cyclops (D:11)
  4 gargoyles
  A kobold demonologist (D:7)
  A troll (D:12)
  A hornet (D:11)
  3 hippogriffs
  5 slime creatures (D:12)
  2 dream sheep (D:9)
  Sigmund (D:6)
  10 yaks
  A wyvern (D:11)
  A shadow (D:7)
  5 wraiths (D:12)
  A basilisk (D:8)
  Menkaure (D:7)
  An acid dragon (D:13)
  A water moccasin (D:8)
  2 black bears
  An ice beast (D:12)
  A slave (D:7)
  A swamp drake (D:11)
  2 necrophages
  An eye of draining (D:11)
  4 ogres
  7 orc warriors
  4 sky beasts
  5 centaurs
  3 phantoms
  2 crocodiles
  4 big kobolds
  An elf zombie (D:12)
  11 bullfrogs
  A wyvern zombie (D:8)
  A water moccasin skeleton (D:8)
  3 scorpions
  6 killer bees (D:9)
  3 howler monkeys
  4 crimson imps
  A bullfrog zombie (D:13)
  4 human zombies (D:12)
  A quasit (D:11)
  9 hounds
  4 bullfrog skeletons
  A centaur zombie (D:5)
  4 orc priests
  4 jellies
  16 orc wizards
  2 centaur skeletons
  10 worker ants
  A hound zombie (D:6)
  An ogre skeleton (D:12)
  A hound skeleton (D:5)
  3 gnolls (D:5)
  16 adders
  3 shadow imps
  2 oozes
  An adder skeleton (D:5)
  2 dart slugs
  7 leopard geckos
  42 orcs
  4 bats
  13 giant cockroaches
  9 hobgoblins
  4 quokkas
  8 ball pythons
  6 frilled lizards
  10 goblins
  15 kobolds
  A leopard gecko skeleton (D:4)
  An orc skeleton (D:12)
  6 rats
  A fungus (D:8)
  A plant (D:8)
336 creatures vanquished.

Vanquished Creatures (collateral kills)
  An elephant (D:8)
  A troll (D:12)
  A slime creature (D:12)
  A bullfrog (D:8)
  A scorpion (D:12)
5 creatures vanquished.

Vanquished Creatures (others)
  A water moccasin zombie (D:7)
  An orc priest (D:7)
  An adder (D:7)
  An orc (D:7)
4 creatures vanquished.

Grand Total: 345 creatures vanquished

Notes
Turn   | Place    | Note
-------+----------+-------------------------------------------
     0 | D:1      | Teps the Minotaur Berserker began the quest for the Orb.
     0 | D:1      | Reached XP level 1. HP: 19/19 MP: 0/0
   393 | D:1      | Reached XP level 2. HP: 27/27 MP: 1/1
   883 | D:2      | Reached skill level 4 in Maces & Flails
  1011 | D:2      | Reached XP level 3. HP: 14/34 MP: 2/2
  1659 | D:2      | Reached ** piety under Trog
  1702 | D:2      | Reached XP level 4. HP: 40/41 MP: 3/3
  2016 | D:2      | Reached skill level 5 in Maces & Flails
  2150 | D:3      | Found a glowing drain.
  2201 | Sewer    | Entered a sewer
  2311 | Sewer    | Reached XP level 5. HP: 28/47 MP: 4/4
  2357 | Sewer    | Reached skill level 6 in Maces & Flails
  2480 | Sewer    | Reached XP level 6. HP: 27/55 MP: 5/5
  2879 | D:3      | Reached skill level 7 in Maces & Flails
  3350 | D:4      | Reached *** piety under Trog
  3375 | D:4      | Noticed a sky beast
  3405 | D:3      | Killed a sky beast
  3405 | D:3      | Reached skill level 5 in Fighting
  3504 | D:4      | Reached skill level 8 in Maces & Flails
  3504 | D:4      | Reached XP level 7. HP: 61/61 MP: 6/6
  4137 | D:5      | Entered Level 5 of the Dungeon
  4192 | D:5      | Reached skill level 9 in Maces & Flails
  4449 | D:5      | Reached XP level 8. HP: 38/70 MP: 7/7
  4475 | D:5      | Found a snail-covered altar of Cheibriados.
  4924 | D:6      | Reached skill level 10 in Maces & Flails
  4961 | D:6      | Found a staircase to the Ecumenical Temple.
  5021 | D:6      | Noticed Henning's ghost (novice TrBe)
  5037 | D:6      | Reached **** piety under Trog
  5376 | D:6      | Reached skill level 5 in Armour
  5445 | D:6      | Reached skill level 11 in Maces & Flails
  5467 | D:6      | HP: 1/70 [Henning's ghost (22)]
  5966 | D:6      | Killed Henning's ghost
  5966 | D:6      | Reached XP level 9. HP: 78/78 MP: 8/8
  5994 | D:6      | Found a stormy altar of Qazlal.
  6041 | D:6      | Noticed Sigmund
  6050 | D:6      | Killed Sigmund
  6184 | D:7      | Noticed Pikel
  6195 | D:7      | Killed Pikel
  6195 | D:7      | Reached skill level 12 in Maces & Flails
  6195 | D:7      | Reached skill level 5 in Dodging
  6247 | D:7      | Found Kecsausy's Distillery.
  6339 | D:7      | Reached skill level 13 in Maces & Flails
  6389 | D:7      | Got an ichor-stained dagger {pierce}
  6402 | D:7      | Noticed Menkaure
  6407 | D:7      | Killed Menkaure
  6458 | D:7      | Reached XP level 10. HP: 35/86 MP: 9/9
  6604 | D:7      | Found Ysucsac's Food Emporium.
  6605 | D:7      | Found Sipuunyr's Assorted Antiques.
  6623 | D:7      | Found Yhiemek's Antique Weapon Boutique.
  7078 | D:7      | Bought a potion of heal wounds for 55 gold pieces
  7181 | D:8      | Found an opulent altar of Gozag.
  7185 | D:8      | Reached skill level 14 in Maces & Flails
  7186 | D:8      | Found a sparkling altar of Nemelex Xobeh.
  7232 | D:8      | Found a hide-covered altar of Uskayaw.
  7428 | D:8      | Noticed a death yak
  7434 | D:8      | Noticed an elephant
  7471 | D:8      | Killed a death yak
  7538 | D:8      | Noticed Niraks's ghost (novice MiBe)
  7552 | D:8      | Killed Niraks's ghost
  7555 | D:8      | Found a staircase to the Lair.
  7577 | D:8      | Killed an elephant
  7972 | D:8      | Found Esip's Assorted Antiques.
  8042 | D:9      | Reached skill level 15 in Maces & Flails
  8108 | D:9      | Found a white marble altar of Elyvilon.
  8397 | D:9      | Reached XP level 11. HP: 82/95 MP: 10/10
  8457 | D:9      | Noticed a three-headed hydra
  8483 | D:9      | Killed a three-headed hydra
  8642 | D:9      | Reached skill level 16 in Maces & Flails
  8644 | D:9      | Found a sacrificial altar of Ru.
  8657 | D:9      | Found a shimmering altar of Xom.
  8657 | D:9      | Found a shadowy altar of Dithmenos.
  8658 | D:9      | Found a radiant altar of Vehumet.
  8662 | D:9      | Found a blossoming altar of Fedhas.
  8734 | D:10     | Entered Level 10 of the Dungeon
  9358 | D:11     | Reached ***** piety under Trog
  9596 | D:11     | Reached skill level 10 in Fighting
  9649 | D:11     | Noticed a six-headed hydra
  9658 | D:11     | Killed an unseen horror
  9665 | D:11     | Killed a six-headed hydra
  9676 | D:11     | Reached skill level 1 in Throwing
  9886 | D:11     | Found a staircase to the Orcish Mines.
  9903 | D:11     | Reached skill level 10 in Armour
 10026 | D:11     | Received a gift from Trog
 10418 | D:12     | Noticed a skeletal warrior
 10419 | D:12     | Noticed a skeletal warrior
 10422 | D:12     | Noticed a skeletal warrior
 10429 | D:12     | Reached XP level 12. HP: 110/110 MP: 11/11
 10945 | D:12     | Noticed a vault guard
 10955 | D:12     | Killed a vault guard
 10963 | D:12     | Found a portal to a secret trove of treasure.
 11081 | D:12     | Found an ancient bone altar of Kikubaaqudgha.
 11281 | D:13     | Noticed an ogre mage
 11291 | D:13     | Killed an ogre mage
 11302 | D:13     | Noticed a five-headed hydra
 11310 | D:13     | Noticed a vampire knight
 11317 | D:13     | Killed a five-headed hydra
 11333 | D:13     | Mangled by a vampire knight

Skill      XL: |  1  2  3  4  5  6  7  8  9 10 11 12 |
---------------+-------------------------------------+-----
Fighting       | 4 5 6 7 8 11 12 | 12.8
Maces & Flails | 4 5 6 8 9 11 13 15 16 | 16.2
Dodging        | 3 4 5 6 |  6.4
Armour         | 4 5 6 8 10 12 | 12.1
Throwing       | 1 |  1.8
Stealth        | |  0.5

Action                   |  1- 3 |  4- 6 |  7- 9 | 10-12 || total
-------------------------+-------+-------+-------+-------++-------
Melee: Mace              |    71 |    77 |       |       ||   148
       Headbutt          |     9 |    17 |    37 |   105 ||   168
       Morningstar       |       |    54 |   225 |   527 ||   806
Throw: Tomahawk          |       |    16 |     7 |    13 ||    36
Invok: Berserk           |       |     3 |     6 |    11 ||    20
       Trog's Hand       |       |     2 |     6 |    11 ||    19
       Burn Spellbooks   |       |       |     2 |       ||     2
       Brothers in Arms  |       |       |       |     4 ||     4
  Use: Scroll            |       |     1 |     2 |     3 ||     6
       Potion            |       |       |       |     1 ||     1
 Stab: Distracted        |       |       |       |     1 ||     1
  Eat: Chunk             |     2 |     5 |     2 |    13 ||    22
       Ration            |       |     2 |     4 |     6 ||    12
Armor: Animal skin       |    11 |    19 |       |       ||    30
       Ring mail         |       |    16 |    31 |       ||    47
       Chain mail        |       |       |    35 |   134 ||   169
       Plate armour      |       |       |       |    61 ||    61
Dodge: Dodged            |    42 |    83 |   105 |   165 ||   395
Block: Other             |       |       |       |   100 ||   100
       Reflection        |       |       |       |     4 ||     4
